SR
GERMANTOWN URUGUAYANS @ ATHLETIC CLUB KC U-21
06/15/2033
 
TOP OF THE 1ST
Germantown Uruguayans batting - Pitching for Athletic Club KC U-21 : RHP Leen van den Bosch
Pitching: RHP Leen van den Bosch
Batting: RHB Sasha Orlovsky 0-0: Fly out, F4 (Popup, 4)
Batting: RHB Tomás Martí 0-0: Ball
1-0: Ground out 6-3 (Groundball, 6M)
Batting: RHB Meester Gobbles-Rooster 0-0: Called Strike
0-1: Fly out, F7 (Flyball, 78S)
Top of the 1st over - 0 runs, 0 hits, 0 errors, 0 left on base; Germantown 0 - Athletic Club KC 0
BOTTOM OF THE 1ST
Athletic Club KC U-21 batting - Pitching for Germantown Uruguayans : RHP Owen Schultz
Pitching: RHP Owen Schultz
Batting: RHB Woody Thomas 0-0: Ball
1-0: Foul Ball, location: 2F
1-1: Ground out 6-3 (Groundball, 6)
Batting: RHB Gabriel Camparán 0-0: Called Strike
0-1: Ball
1-1: Ball
2-1: SINGLE (Groundball, 56D)
Batting: RHB Andrés Hernández 0-0: Ball
1-0: Ball
2-0: Foul Ball, location: 2F
2-1: Foul Ball, location: 2F
2-2: Strikes out swinging
Batting: RHB John Ricks 0-0: Ball
1-0: Swinging Strike
1-1: SINGLE (Groundball, 56S) (infield hit)
Gabriel Camparán to second
Batting: RHB Rafael Cortéz 0-0: Ball
1-0: Fly out, F7 (Flyball, 7S)
Bottom of the 1st over - 0 runs, 2 hits, 0 errors, 2 left on base; Germantown 0 - Athletic Club KC 0
TOP OF THE 2ND
Germantown Uruguayans batting - Pitching for Athletic Club KC U-21 : RHP Leen van den Bosch
Batting: LHB Felipe Dávila 0-0: Fly out, F9 (Flyball, 89S)
Batting: RHB José Ortega 0-0: Fly out, F9 (Flyball, 9LSF)
Batting: RHB Bill Richmond 0-0: Foul Ball, location: 2F
0-1: Ball
1-1: Ball
2-1: Ball
3-1: Swinging Strike
3-2: Base on Balls
Batting: LHB Masamune Ueda 0-0: Fly out, F7 (Line Drive, 78M)
Top of the 2nd over - 0 runs, 0 hits, 0 errors, 1 left on base; Germantown 0 - Athletic Club KC 0
BOTTOM OF THE 2ND
Athletic Club KC U-21 batting - Pitching for Germantown Uruguayans : RHP Owen Schultz
Batting: RHB Fu Chen 0-0: Called Strike
0-1: Hit by Pitch
Batting: RHB Domingo Zamora 0-0: Foul Ball, location: 2F
0-1: Ball
1-1: Ball
2-1: Foul Ball, location: 2F
2-2: Ball
3-2: Strikes out swinging
Batting: RHB Elias Klomp 0-0: Ball
1-0: Fly out, F7 (Line Drive, 7)
Batting: RHB Rodrigo Sousa 0-0: Ball
1-0: Foul Ball, location: 2F
1-1: Swinging Strike
1-2: Ball
2-2: Strikes out looking
Bottom of the 2nd over - 0 runs, 0 hits, 0 errors, 1 left on base; Germantown 0 - Athletic Club KC 0
TOP OF THE 3RD
Germantown Uruguayans batting - Pitching for Athletic Club KC U-21 : RHP Leen van den Bosch
Batting: SHB Ramón Muńóz 0-0: Fly out, F8 (Line Drive, 78D)
Batting: LHB Allan Colston 0-0: Ball
1-0: Called Strike
1-1: Called Strike
1-2: Strikes out swinging
Batting: RHB Sasha Orlovsky 0-0: Ball
1-0: Ball
2-0: Ball
3-0: Called Strike
3-1: Foul Ball, location: 2F
3-2: Fly out, F9 (Line Drive, 9D)
Top of the 3rd over - 0 runs, 0 hits, 0 errors, 0 left on base; Germantown 0 - Athletic Club KC 0
BOTTOM OF THE 3RD
Athletic Club KC U-21 batting - Pitching for Germantown Uruguayans : RHP Owen Schultz
Batting: RHB Woody Thomas 0-0: Ball
1-0: Called Strike
1-1: Ball
2-1: Foul Ball, location: 2F
2-2: Foul Ball, location: 2F
2-2: Ball
3-2: Strikes out swinging
Batting: RHB Gabriel Camparán 0-0: Foul Ball, location: 2F
0-1: Swinging Strike
0-2: Ball
1-2: Strikes out swinging
Batting: RHB Andrés Hernández 0-0: Ball
1-0: Called Strike
1-1: Ball
2-1: Called Strike
2-2: Ball
3-2: Strikes out looking
Bottom of the 3rd over - 0 runs, 0 hits, 0 errors, 0 left on base; Germantown 0 - Athletic Club KC 0
TOP OF THE 4TH
Germantown Uruguayans batting - Pitching for Athletic Club KC U-21 : RHP Leen van den Bosch
Batting: RHB Tomás Martí 0-0: Called Strike
0-1: SINGLE (Line Drive, 78S)
Batting: RHB Meester Gobbles-Rooster 0-0: Called Strike
0-1: Swinging Strike
0-2: Ball
1-2: Foul Ball, location: 2F
1-2: Ball
2-2: Strikes out swinging
Batting: LHB Felipe Dávila 0-0: Ball
1-0: Foul Ball, location: 2F
1-1: Ball
Wild Pitch!
Tomás Martí to second
2-1: Swinging Strike
2-2: Ball
3-2: Foul Ball, location: 2F
3-2: Foul Ball, location: 2F
3-2: Fly out, F8 (Flyball, 8LXD)
Runner from 2nd tags up, SAFE at 3rd, no throw
Batting: RHB José Ortega 0-0: Ball
1-0: Ball
2-0: Foul Ball, location: 2F
2-1: Swinging Strike
2-2: Strikes out swinging
Top of the 4th over - 0 runs, 1 hit, 0 errors, 1 left on base; Germantown 0 - Athletic Club KC 0
BOTTOM OF THE 4TH
Athletic Club KC U-21 batting - Pitching for Germantown Uruguayans : RHP Owen Schultz
Batting: RHB John Ricks 0-0: Foul Ball, location: 2F
0-1: Ball
1-1: Ball
2-1: Foul Ball, location: 2F
2-2: Strikes out swinging, 2-3 out at first.
Batting: RHB Rafael Cortéz 0-0: Foul Ball, location: 2F
0-1: Ball
1-1: Called Strike
1-2: Fly out, F9 (Flyball, 9S)
Batting: RHB Fu Chen 0-0: Ball
1-0: Swinging Strike
1-1: Ball
2-1: Called Strike
2-2: Strikes out swinging
Bottom of the 4th over - 0 runs, 0 hits, 0 errors, 0 left on base; Germantown 0 - Athletic Club KC 0
TOP OF THE 5TH
Germantown Uruguayans batting - Pitching for Athletic Club KC U-21 : RHP Leen van den Bosch
Batting: RHB Bill Richmond 0-0: Ball
1-0: Called Strike
1-1: Foul Ball, location: 2F
1-2: Strikes out looking
Batting: LHB Masamune Ueda 0-0: Called Strike
0-1: Ball
1-1: Foul Ball, location: 2F
1-2: DOUBLE (Line Drive, 78D)
Batting: SHB Ramón Muńóz 0-0: Swinging Strike
0-1: Ground out 4-3 (Groundball, 4)
Masamune Ueda to third
Batting: LHB Allan Colston 0-0: Called Strike
0-1: Ball
1-1: Foul Ball, location: 2F
1-2: Fly out, F9 (Flyball, 9D)
Top of the 5th over - 0 runs, 1 hit, 0 errors, 1 left on base; Germantown 0 - Athletic Club KC 0
BOTTOM OF THE 5TH
Athletic Club KC U-21 batting - Pitching for Germantown Uruguayans : RHP Owen Schultz
Batting: RHB Domingo Zamora 0-0: Called Strike
0-1: Swinging Strike
0-2: Strikes out swinging
Batting: RHB Elias Klomp 0-0: Swinging Strike
0-1: Ball
1-1: Ball
2-1: Swinging Strike
2-2: Strikes out looking
Batting: RHB Rodrigo Sousa 0-0: Swinging Strike
0-1: Called Strike
0-2: Foul Ball, location: 2F
0-2: Foul Ball, location: 2F
0-2: Ball
1-2: Ball
2-2: Strikes out swinging, 2-3 out at first.
Bottom of the 5th over - 0 runs, 0 hits, 0 errors, 0 left on base; Germantown 0 - Athletic Club KC 0
TOP OF THE 6TH
Germantown Uruguayans batting - Pitching for Athletic Club KC U-21 : RHP Leen van den Bosch
Batting: RHB Sasha Orlovsky 0-0: Foul Ball, location: 2F
0-1: Ball
1-1: Called Strike
1-2: Fly out, F7 (Flyball, 7S)
Batting: RHB Tomás Martí 0-0: Called Strike
0-1: Ball
1-1: Ball
2-1: Foul Ball, location: 2F
2-2: Ball
3-2: Foul Ball, location: 2F
3-2: Foul Ball, location: 2F
3-2: Fly out, F4 (Line Drive, 6M)
Batting: RHB Meester Gobbles-Rooster 0-0: Ball
1-0: Foul Ball, location: 2F
1-1: Foul Ball, location: 2F
1-2: Ball
2-2: Ground out 5-3 (Groundball, 56S)
Top of the 6th over - 0 runs, 0 hits, 0 errors, 0 left on base; Germantown 0 - Athletic Club KC 0
BOTTOM OF THE 6TH
Athletic Club KC U-21 batting - Pitching for Germantown Uruguayans : RHP Owen Schultz
Batting: RHB Woody Thomas 0-0: Swinging Strike
0-1: Ball
1-1: Ball
2-1: Foul Ball, location: 2F
2-2: Strikes out looking
Batting: RHB Gabriel Camparán 0-0: Called Strike
0-1: Swinging Strike
0-2: Ball
1-2: Foul Ball, location: 2F
1-2: Strikes out swinging, 2-3 out at first.
Batting: RHB Andrés Hernández 0-0: Called Strike
0-1: Ball
1-1: Foul Ball, location: 2F
1-2: Foul Ball, location: 2F
1-2: Foul Ball, location: 2F
1-2: Ball
2-2: Ball
3-2: Base on Balls
Batting: RHB John Ricks 0-0: Called Strike
0-1: Foul Ball, location: 2F
0-2: Strikes out swinging
Bottom of the 6th over - 0 runs, 0 hits, 0 errors, 1 left on base; Germantown 0 - Athletic Club KC 0
TOP OF THE 7TH
Germantown Uruguayans batting - Pitching for Athletic Club KC U-21 : RHP Leen van den Bosch
Batting: LHB Felipe Dávila 0-0: Ball
1-0: Swinging Strike
1-1: Called Strike
1-2: Fly out, F7 (Flyball, 7LD)
Batting: RHB José Ortega 0-0: Ball
1-0: Ball
2-0: Ground out 5-3 (Groundball, 56S)
Batting: RHB Bill Richmond 0-0: Foul Ball, location: 2F
0-1: Foul Ball, location: 2F
0-2: Ball
1-2: Foul Ball, location: 2F
1-2: Ball
2-2: Ball
3-2: Ground out 6-3 (Groundball, 6)
Top of the 7th over - 0 runs, 0 hits, 0 errors, 0 left on base; Germantown 0 - Athletic Club KC 0
BOTTOM OF THE 7TH
Athletic Club KC U-21 batting - Pitching for Germantown Uruguayans : RHP Owen Schultz
Batting: RHB Rafael Cortéz 0-0: Called Strike
0-1: Foul Ball, location: 2F
0-2: Ball
1-2: Ball
2-2: Ball
3-2: Foul Ball, location: 2F
3-2: Foul Ball, location: 2F
3-2: SINGLE (Groundball, 4MD)
Batting: RHB Fu Chen 0-0: Ball
1-0: Grounds into double play, 4-6-3 (Groundball, 4)
Batting: RHB Domingo Zamora 0-0: Foul Ball, location: 2F
0-1: Foul Ball, location: 2F
0-2: Strikes out looking
Bottom of the 7th over - 0 runs, 1 hit, 0 errors, 0 left on base; Germantown 0 - Athletic Club KC 0
TOP OF THE 8TH
Germantown Uruguayans batting - Pitching for Athletic Club KC U-21 : RHP Leen van den Bosch
Pitching: LHP Owen Estrada
Batting: LHB Masamune Ueda 0-0: Called Strike
0-1: Ball
1-1: Swinging Strike
1-2: Strikes out swinging
Batting: SHB Ramón Muńóz 0-0: Called Strike
0-1: Ball
1-1: Called Strike
1-2: Ball
2-2: Fly out, F8 (Flyball, 8LD)
Pinch Hitting: RHB Sterling Massingham 0-0: Ball
1-0: Swinging Strike
1-1: Foul Ball, location: 2F
1-2: Strikes out swinging, 2-3 out at first.
Top of the 8th over - 0 runs, 0 hits, 0 errors, 0 left on base; Germantown 0 - Athletic Club KC 0
BOTTOM OF THE 8TH
Athletic Club KC U-21 batting - Pitching for Germantown Uruguayans : RHP Owen Schultz
Now in RF: Sterling Massingham
Batting: RHB Elias Klomp 0-0: Ball
1-0: Ball
2-0: Ball
3-0: Called Strike
3-1: Called Strike
3-2: Strikes out swinging
Batting: RHB Rodrigo Sousa 0-0: Called Strike
0-1: Swinging Strike
0-2: Strikes out swinging
Batting: RHB Woody Thomas 0-0: Called Strike
0-1: Called Strike
0-2: Foul Ball, location: 2F
0-2: Foul Ball, location: 2F
0-2: Ball
1-2: Strikes out looking
Bottom of the 8th over - 0 runs, 0 hits, 0 errors, 0 left on base; Germantown 0 - Athletic Club KC 0
TOP OF THE 9TH
Germantown Uruguayans batting - Pitching for Athletic Club KC U-21 : LHP Owen Estrada
Batting: RHB Sasha Orlovsky 0-0: Ground out 5-3 (Groundball, 56)
Batting: RHB Tomás Martí 0-0: Called Strike
0-1: Ball
1-1: Ball
2-1: Foul Ball, location: 2F
2-2: Ground out 5-3 (Groundball, 56)
Batting: RHB Meester Gobbles-Rooster 0-0: Ball
1-0: Ball
2-0: Called Strike
2-1: Foul Ball, location: 2F
2-2: Foul Ball, location: 2F
2-2: Strikes out looking
Top of the 9th over - 0 runs, 0 hits, 0 errors, 0 left on base; Germantown 0 - Athletic Club KC 0
BOTTOM OF THE 9TH
Athletic Club KC U-21 batting - Pitching for Germantown Uruguayans : RHP Owen Schultz
Batting: RHB Gabriel Camparán 0-0: Foul Ball, location: 2F
0-1: Ball
1-1: Foul Ball, location: 2F
1-2: Foul Ball, location: 2F
1-2: Foul Ball, location: 2F
1-2: Ball
2-2: Ball
3-2: Strikes out swinging
Batting: RHB Andrés Hernández 0-0: Called Strike
0-1: Ball
1-1: Ground out 6-3 (Groundball, 6)
Batting: RHB John Ricks 0-0: Called Strike
0-1: Foul Ball, location: 2F
0-2: Ball
1-2: Strikes out swinging
Bottom of the 9th over - 0 runs, 0 hits, 0 errors, 0 left on base; Germantown 0 - Athletic Club KC 0
TOP OF THE 10TH
Germantown Uruguayans batting - Pitching for Athletic Club KC U-21 : LHP Owen Estrada
Batting: LHB Felipe Dávila 0-0: Called Strike
0-1: Ball
1-1: Fly out, F9 (Flyball, 9S)
Batting: RHB José Ortega 0-0: Fly out, F5 (Line Drive, 5)
Batting: RHB Bill Richmond 0-0: Ball
1-0: Called Strike
1-1: Swinging Strike
1-2: Foul Ball, location: 2F
1-2: Foul Ball, location: 2F
1-2: Foul Ball, location: 2F
1-2: Strikes out swinging
Top of the 10th over - 0 runs, 0 hits, 0 errors, 0 left on base; Germantown 0 - Athletic Club KC 0
BOTTOM OF THE 10TH
Athletic Club KC U-21 batting - Pitching for Germantown Uruguayans : RHP Owen Schultz
Pitching: LHP Bradley Leeder
Batting: RHB Rafael Cortéz 0-0: Foul Ball, location: 2F
0-1: Ball
1-1: Ball
2-1: Ground out 4-3 (Groundball, 4)
Batting: RHB Fu Chen 0-0: Ball
1-0: Ball
2-0: Foul Ball, location: 2F
2-1: Swinging Strike
2-2: Ball
3-2: Foul Ball, location: 2F
3-2: SINGLE (Groundball, 6MD)
Batting: RHB Domingo Zamora 0-0: Ball
1-0: Ball
2-0: Ball
3-0: Called Strike
3-1: Foul Ball, location: 2F
3-2: Fly out, F7 (Flyball, 7)
Batting: RHB Elias Klomp 0-0: Ball
1-0: Ball
2-0: SINGLE (Groundball, 34S) (infield hit)
Fu Chen to second
Batting: RHB Rodrigo Sousa 0-0: Called Strike
0-1: Swinging Strike
0-2: Strikes out looking
Bottom of the 10th over - 0 runs, 2 hits, 0 errors, 2 left on base; Germantown 0 - Athletic Club KC 0
TOP OF THE 11TH
Germantown Uruguayans batting - Pitching for Athletic Club KC U-21 : LHP Owen Estrada
Batting: LHB Masamune Ueda 0-0: Called Strike
0-1: Ball
1-1: Ball
2-1: Swinging Strike
2-2: Foul Ball, location: 2F
2-2: Foul Ball, location: 2F
2-2: Strikes out swinging
Batting: SHB Ramón Muńóz 0-0: Called Strike
0-1: Ground out 6-3 (Groundball, 6)
Batting: RHB Sterling Massingham 0-0: Ball
1-0: Ball
2-0: Ball
3-0: Called Strike
3-1: Ground out 6-3 (Groundball, 6D)
Top of the 11th over - 0 runs, 0 hits, 0 errors, 0 left on base; Germantown 0 - Athletic Club KC 0
BOTTOM OF THE 11TH
Athletic Club KC U-21 batting - Pitching for Germantown Uruguayans : LHP Bradley Leeder
Batting: RHB Woody Thomas 0-0: Called Strike
0-1: Ball
1-1: Ball
2-1: Called Strike
2-2: Ground out 3-1 (Groundball, 34S)
Batting: RHB Gabriel Camparán 0-0: Foul Ball, location: 2F
0-1: Ball
1-1: Foul Ball, location: 2F
1-2: Ground out 1-3 (Groundball, 15S)
Batting: RHB Andrés Hernández 0-0: Ball
1-0: Ball
2-0: Swinging Strike
2-1: Ground out 5-3 (Groundball, 56)
Bottom of the 11th over - 0 runs, 0 hits, 0 errors, 0 left on base; Germantown 0 - Athletic Club KC 0
TOP OF THE 12TH
Germantown Uruguayans batting - Pitching for Athletic Club KC U-21 : LHP Owen Estrada
Batting: RHB Sasha Orlovsky 0-0: Called Strike
0-1: Ball
1-1: Ground out 4-3 (Groundball, 4)
Batting: RHB Tomás Martí 0-0: Ball
1-0: Foul Ball, location: 2F
1-1: Ball
2-1: Ball
3-1: SINGLE (Groundball, 56D)
Batting: RHB Meester Gobbles-Rooster 0-0: Called Strike
0-1: Foul Ball, location: 2F
0-2: Ball
1-2: Ball
2-2: Ball
3-2: Foul Ball, location: 2F
3-2: Foul Ball, location: 2F
3-2: Base on Balls
Tomás Martí to second
Batting: LHB Felipe Dávila 0-0: Ball
1-0: Ball
2-0: Foul Ball, location: 2F
2-1: Called Strike
2-2: Foul Ball, location: 2F
2-2: Strikes out swinging
Batting: RHB José Ortega 0-0: Swinging Strike
0-1: DOUBLE (Groundball, 5L)
Tomás Martí scores
Meester Gobbles-Rooster to third
Batting: RHB Bill Richmond 0-0: Swinging Strike
0-1: Ball
1-1: Ball
2-1: Fly out, F5 (Flyball, 5D)
Top of the 12th over - 1 run, 2 hits, 0 errors, 2 left on base; Germantown 1 - Athletic Club KC 0
BOTTOM OF THE 12TH
Athletic Club KC U-21 batting - Pitching for Germantown Uruguayans : LHP Bradley Leeder
Batting: RHB John Ricks 0-0: Swinging Strike
0-1: Ball
1-1: Foul Ball, location: 2F
1-2: Foul Ball, location: 2F
1-2: Foul Ball, location: 2F
1-2: Foul Ball, location: 2F
1-2: Ball
2-2: Ball
3-2: SINGLE (Flyball, 9S)
Batting: RHB Rafael Cortéz 0-0: Foul Ball, location: 2F
0-1: Swinging Strike
0-2: Ball
1-2: Foul Ball, location: 2F
1-2: Ball
2-2: Strikes out swinging
Batting: RHB Fu Chen 0-0: Ball
1-0: Ball
2-0: Grounds into double play, 4-6-3 (Groundball, 4)
Bottom of the 12th over - 0 runs, 1 hit, 0 errors, 0 left on base; Germantown 1 - Athletic Club KC 0
Saturday, December 22nd, 2018 - OOTP Baseball 18.8 Build 76